 Dungeon Crawl Stone Soup version 0.29-a0-925-g0a7a3d12f8 (webtiles) character file.

Game seed: 17127458066061976401

135 Newt the Twirler (level 5, 0/42 HPs)
             Began as a Meteoran Gladiator on July 28, 2022.
             Was an Initiate of Qazlal.
             Slain by a gnoll
             ... wielding a +0 whip
              (5 damage)
             ... on level 4 of the Dungeon.
             The game lasted 00:05:33 (1309 turns).

Newt the Twirler (Meteoran Gladiator)               Turns: 1309, Time: 00:05:33

Health: 0/42       AC:  4    Str: 18    XL:     5   Next: 70%
Magic:  15/15      EV: 13    Int:  9    God:    Qazlal [......]
Gold:   69         SH:  0    Dex: 15    Spells: 4/4 levels left

rFire   . . .      SeeInvis .   a - +1 quarterstaff
rCold   . . .      Faith    .   (shield currently unavailable)
rNeg    . . .      Spirit   .   b - +0 leather armour
rPois   .          Reflect  .   c - +0 helmet
rElec   .          Harm     .   (no cloak)
rCorr   .          Rampage  .   (no gloves)
Will    .....                   (no boots)
Stlth   +.........              (no amulet)
HPRegen 0.14/turn               k - ring of magical power
MPRegen 0.14/turn               (no ring)

@: on berserk cooldown, slowed, glowing, very slow
A: sense surroundings 1, otherworldly, glowing, explore regen
a: Renounce Religion


You were on level 4 of the Dungeon.
You worshipped Qazlal.
Qazlal was noncommittal.
You visited 2 branches of the dungeon, and saw 5 of its levels.

You collected 69 gold pieces.

Inventory:

Hand Weapons
 a - a +1 quarterstaff (weapon)
Missiles
 d - 3 throwing nets (quivered)
 e - a javelin
Armour
 b - a +0 leather armour (worn)
 c - a +0 helmet (worn)
Jewellery
 k - a ring of magical power (left hand)
Wands
 f - a wand of iceblast (5)
Scrolls
 g - a scroll of enchant weapon
 j - 2 scrolls of noise
 l - a scroll of immolation {unknown}
Potions
 h - a potion of resistance
 m - a potion of flight {unknown}


   Skills:
 + Level 2.7 Fighting
 + Level 4.8 Staves
 + Level 2.8 Throwing
 + Level 1.9 Armour
 + Level 4.4 Dodging
 * Level 2.0 Evocations


You had 4 spell levels left.
You didn't know any spells.
Your spell library was empty.

Dungeon Overview and Level Annotations

Branches:
Dungeon (4/15) Zot: 1107   Temple (1/1) D:4 Zot: 570

Altars:
Qazlal
Ru
Vehumet
Wu Jian
Jiyva

Annotations:
D:1 2 runed translucent doors


Innate Abilities, Weirdness & Mutations

You passively map a small area around you.
You are easily found by Zot.
You glow in the dark.
You regain HP and MP as you explore.


Message History

You become entangled in the net!
You struggle against the net.
A hound comes into view.
The gnoll barely misses you.
You struggle against the net.
The gnoll hits you with a +0 flail.
You struggle against the net.
The gnoll hits you with a +0 flail! The gnoll hits you but does no damage.
You shred the net and break free! The gnoll hits you with a +0 whip.
The gnoll hits you with a +0 flail.
You barely miss the gnoll. The gnoll hits you with a +0 flail.
The gnoll hits you with a +0 whip.
* * * LOW HITPOINT WARNING * * *
Okay, then.
It was a potion of berserk rage.
A red film seems to cover your vision as you go berserk!
You feel yourself moving faster!
You feel mighty! The gnoll hits you with a +0 whip.
* * * LOW HITPOINT WARNING * * *
The gnoll hits you with a +0 flail.
* * * LOW HITPOINT WARNING * * *
You feel a strong urge to attack something.
You feel your anger nearly subside.
You are no longer berserk.
You are exhausted.
You feel yourself slow down. The gnoll attacks as you move away!
The gnoll hits you with a +0 whip.
* * * LOW HITPOINT WARNING * * *
The gnoll closely misses you. The hound bites you but does no damage.
Found 4 gold pieces.
The hound completely misses you. The hound bites you.
* * * LOW HITPOINT WARNING * * *
The hound attacks as you move away! The hound bites you.
* * * LOW HITPOINT WARNING * * *
The hound barely misses you. The hound misses you.
An orc comes into view. It is wielding a +0 short sword.
The orc shouts!
The hound barely misses you. The hound misses you. The hound barely misses you.
The gnoll hits you with a +0 whip.
You die...

...........##....#....#.#.>.#.##.
........#..........##.#.#...#...,
..........o..<............#....#.
.................)...#.##.#.##.#.
..#..................#......g....
..###.##...........#....##.#.#.#.
# #..####........#.##....#.#.#. #
*#.## #......gh.g.............
##.*#.####......@.g..g....#.....g
>...#...##...........###..#......
#......#...........# ##.##.....
#........†...#.................
*##.......†<.##.................
#............#............[....
............).###$###............
.......#......# .# ... ,
#......##.###...# , ,


You could see a hound, 4 gnolls and an orc.

Vanquished Creatures
  An orc priest (D:3)
  Ijyb (D:3)
  An orc wizard (D:3)
  A gnoll (D:1)
  An adder (D:3)
  A dart slug (D:1)
  2 orcs (D:3)
  4 bats
  4 endoplasms
  3 goblins
  4 hobgoblins
  3 jackals
  2 quokkas
  3 ball pythons (D:1)
  A frilled lizard (D:2)
  4 kobolds
  A rat (D:1)
37 creatures vanquished.

Notes
Turn   | Place    | Note
-------+----------+-------------------------------------------
     0 | D:1      | Newt the Meteoran Gladiator began the quest for the Orb.
     0 | D:1      | Reached XP level 1. HP: 17/17 MP: 2/2
    34 | D:1      | Found a large runed translucent door.
    34 | D:1      | Found a large runed translucent door.
    49 | D:1      | Reached XP level 2. HP: 7/24 MP: 3/3
   250 | D:1      | Noticed a jelly
   251 | D:1      | Found a viscous altar of Jiyva.
   252 | D:1      | Noticed a jelly
   253 | D:1      | Noticed a jelly
   253 | D:1      | Noticed a jelly
   254 | D:1      | Noticed a jelly
   362 | D:1      | Reached XP level 3. HP: 15/29 MP: 4/4
   497 | D:1      | Glimpsed the power of Zot.
   665 | D:2      | Reached skill level 1 in Evocations
   741 | D:3      | Found a sacrificial altar of Ru.
   743 | D:3      | Noticed a water moccasin
   913 | D:3      | Noticed Ijyb
   923 | D:3      | Killed Ijyb
   924 | D:3      | Reached skill level 1 in Armour
   924 | D:3      | Reached XP level 4. HP: 18/37 MP: 5/5
  1038 | D:3      | Reached XP level 5. HP: 37/42 MP: 6/6
  1241 | D:4      | Found a staircase to the Ecumenical Temple.
  1248 | Temple   | Entered the Ecumenical Temple
  1266 | Temple   | Became a worshipper of Qazlal Stormbringer
  1309 | D:4      | Slain by a gnoll

Illustrated notes

Levels and vault maps discovered:
D:1:      erik_arrival_cave_to_civilisation [erik_arrival_cave_to_temple],
          layout_basic, nicolae_grassy_gnolls
D:2:      layout_loops_cross, serial_bayou_ford_a, kennysheep_cluttered_room,
          hangedman_abyss_or_decor_stabs, kennysheep_boxes
D:3:      layout_loops_ring, nicolae_ru_awakened_eye,
          chequers_ecumenical_altar_twisty, nicolae_titane, uniq_ijyb
D:4:      layout_cave_pools, marbit_many_paths, minmay_temple_entry_ruins
Temple:   bh_familiar_temple

Skill      XL: |  1  2  3  4  5 |
---------------+----------------+-----
Dodging        | 4 |  4.4
Staves         | 4 |  4.8
Evocations     | 1 2 |  2.0
Armour         | 1 |  1.9
Fighting       | |  2.7
Throwing       | |  2.8

Action                   |  1- 3 |  4- 6 || total
-------------------------+-------+-------++-------
Melee: Quarterstaff      |    65 |    44 ||   109
  Use: Scroll            |     4 |       ||     4
       Potion            |       |     1 ||     1
Armor: Leather armour    |    30 |    18 ||    48
Dodge: Dodged            |    48 |    38 ||    86

Table legend: (Time is in decaauts)
 A = Elapsed time spent in this place.
 B = Non-inter-level travel time spent in this place.
 C = Inter-level travel time spent in this place.
 D = Time resting spent in this place.
 E = Time spent auto-exploring this place.
 F = Levels seen in this place.
 G = Mean time per level.
                   A        B        C        D        E       F      G
               +--------+--------+--------+--------+--------+-----+--------+
         Total |   1320 |   1320 |      0 |    660 |    112 |   5 |  264.0 |
       Dungeon |   1291 |   1291 |      0 |    660 |    112 |   4 |  322.8 |
        Temple |     29 |     29 |      0 |      0 |      0 |   1 |   29.0 |
               +--------+--------+--------+--------+--------+-----+--------+

Top non-repeatable levels by time:
     D:1: 535 daAuts
     D:3: 455 daAuts
     D:2: 184 daAuts
     D:4: 115 daAuts
  Temple: 29 daAuts
